 Dungeon Crawl Stone Soup version 0.28.0-43-g3370ac3207 (webtiles) character file.

Game seed: 4029106497980616921

1480 boopmooplesden the Chopper (level 8, -3/71 HPs)
             Began as a Minotaur Berserker on Mar 13, 2022.
             Was a Priest of Trog.
             Slain by a hornet zombie (8 damage)
             ... on level 6 of the Dungeon.
             The game lasted 00:09:48 (5570 turns).

boopmooplesden the Chopper (Minotaur Berserker)     Turns: 5570, Time: 00:09:49

Health: -3/71      AC: 10    Str: 22    XL:     8   Next: 50%
Magic:  7/7        EV:  7    Int:  4    God:    Trog [***...]
Gold:   289        SH:  9    Dex: 14    Spells: 7/7 levels left

rFire   . . .      SeeInvis .   a - +0 hand axe
rCold   . . .      Faith    .   i - +0 kite shield
rNeg    . . .      Spirit   .   k - +0 chain mail
rPois   .          Reflect  .   (helmet restricted)
rElec   .          Harm     .   n - scarf {+Inv}
rCorr   .          Rampage  .   (no gloves)
Will    .....                   (no boots)
Stlth   ..........              (no amulet)
HPRegen 0.21/turn               (no ring)
MPRegen 0.10/turn               (no ring)

@: hasted, very quick
A: horns 2, retaliatory headbutt, agile 1, MP-powered wands
a: Renounce Religion, Evoke Invisibility, Berserk, Trog's Hand


You were on level 6 of the Dungeon.
You worshipped Trog.
Trog was most pleased with you.
You visited 1 branch of the dungeon, and saw 6 of its levels.

You collected 289 gold pieces.

Inventory:

Hand Weapons
 a - a +0 hand axe (weapon)
 b - a +0 hunting sling
Missiles
 h - 66 sling bullets
 t - a throwing net (quivered)
Armour
 i - a +0 kite shield (worn)
 k - a +0 chain mail (worn)
 n - a scarf of invisibility (worn)
 o - a +1 ring mail of cold resistance
Jewellery
 f - a +6 ring of dexterity
Wands
 l - a wand of polymorph (6)
 p - a wand of flame (13)
 q - a wand of paralysis (6)
 r - a wand of iceblast (9)
Scrolls
 c - 3 scrolls of teleportation
 d - 6 scrolls of identify
Potions
 g - 2 potions of might
 j - 2 potions of resistance {unknown}
 m - a potion of attraction
 s - a potion of mutation


   Skills:
 + Level 6.6 Fighting
 + Level 7.2 Axes
 + Level 5.4 Slings
 + Level 5.8 Armour
 + Level 3.0 Dodging
 + Level 1.1 Stealth
 + Level 3.2 Shields


You had 7 spell levels left.
You didn't know any spells.
Your spell library was empty.

Dungeon Overview and Level Annotations

Branches:
Dungeon (6/15)             Temple (0/1) D:5

Altars:
Wu Jian


Innate Abilities, Weirdness & Mutations

You have a pair of horns on your head.
You reflexively headbutt those who attack you in melee.
You are agile. (Dex +2)
You expend magic power (3 MP) to strengthen your wands.


Message History

The hornet zombie closely misses you. The hornet zombie barely misses you.
You furiously retaliate!
You headbutt the hornet zombie.
You hit the hornet zombie but do no damage.
You headbutt the hornet zombie, but do no damage.
The hornet zombie is severely damaged.
The hornet zombie hits you.
You hit the hornet zombie.
The hornet zombie is severely damaged.
The hornet zombie barely misses you.
The hornet zombie hits you but does no damage.
You hit the hornet zombie.
The hornet zombie is severely damaged.
The hornet zombie hits you.
You hit the hornet zombie but do no damage.
Your headbutt misses the hornet zombie.
The hornet zombie is severely damaged.
The hornet zombie hits you.
The hornet zombie hits you but does no damage.
You slash the hornet zombie!
The hornet zombie is almost destroyed.
The hornet zombie hits you.
You completely miss the hornet zombie.
The hornet zombie is almost destroyed.
The hornet zombie hits you! The hornet zombie hits you.
* * * LOW HITPOINT WARNING * * *
You hit the hornet zombie.
The hornet zombie is almost destroyed.
The hornet zombie hits you!
* * * LOW HITPOINT WARNING * * *
You closely miss the hornet zombie.
The hornet zombie is almost destroyed.
You block the hornet zombie's attack.
You hit the hornet zombie. You headbutt the hornet zombie.
The hornet zombie is almost destroyed.
The hornet zombie barely misses you. You furiously retaliate!
You headbutt the hornet zombie, but do no damage.
The hornet zombie hits you.
* * * LOW HITPOINT WARNING * * *
You feel yourself speed up. The hornet zombie hits you!
You die...

*,,,,,,,,,,,,,*..#.#..#.#.#######
**,,,,*,,,,,*,*,,#,#..#.#.#######
*,,,,,,,,,,*,*,<#.#..#.#.##....#
****,**,,,,**,#.##.#..#.#.##....#
,,,,,**,*****,#.......#.#.##....#
*******,*****,######..#.#.##....#
*,,,,,,,,*.........#.#..'.....
*,,,,,...#########.#.#.##....#
*,,,,,......Z@...#.#...#######
*,,,,,...######.##.###.#
*,,,,,,,,* ##.#....#.# ####
*,,,,,,,,* #...###.#.# #...
*,,,,,,,,* #...# #.#.####.##
*,,,,,,,,* #...# #.#......#
*,,,,,,,,* #...# #.########*
***,*********#...# #.........,
*,* *,,,,,,#...# ##.......#*


You could see a hornet zombie.

Vanquished Creatures
  Grinder (D:6)
  Sigmund (D:5)
  An ice beast (D:5)
  3 black bears
  A scorpion (D:6)
  A water moccasin skeleton (D:5)
  3 howler monkeys
  A jelly (D:6)
  2 hounds
  2 orc priests
  4 orc wizards
  2 iguanas
  2 hound skeletons
  4 gnolls
  7 adders
  A white imp (D:6)
  An ufetubus (D:5)
  3 worms
  4 dart slugs (D:1)
  12 orcs
  6 bats
  8 endoplasms
  3 giant cockroaches (D:1)
  4 goblins
  7 hobgoblins
  3 jackals (D:5)
  6 quokkas
  6 ball pythons
  2 frilled lizards (D:1)
  4 kobolds
  3 rats
108 creatures vanquished.

Notes
Turn   | Place    | Note
-------+----------+-------------------------------------------
     0 | D:1      | boopmooplesden the Minotaur Berserker began the quest for
                  | the Orb.
     0 | D:1      | Reached XP level 1. HP: 19/19 MP: 0/0
    89 | D:1      | Found a faded altar of an unknown god.
   199 | D:1      | Reached XP level 2. HP: 21/27 MP: 1/1
   384 | D:1      | Reached skill level 4 in Axes
   632 | D:1      | Reached XP level 3. HP: 33/33 MP: 2/2
   866 | D:1      | Reached ** piety under Trog
  1536 | D:2      | Reached XP level 4. HP: 36/41 MP: 3/3
  3008 | D:4      | Reached skill level 1 in Slings
  3008 | D:4      | Reached XP level 5. HP: 47/47 MP: 4/4
  3061 | D:4      | Reached skill level 5 in Fighting
  3130 | D:4      | Noticed a black bear
  3137 | D:4      | Killed a black bear
  3138 | D:4      | Reached skill level 5 in Axes
  3138 | D:4      | Reached skill level 1 in Shields
  3138 | D:4      | Reached XP level 6. HP: 56/56 MP: 5/5
  3196 | D:4      | Gained mutation: You have hidden genetic potential. [potion
                  | of mutation]
  3205 | D:4      | Lost mutation: You have hidden genetic potential. [potion
                  | of mutation]
  3205 | D:4      | Gained mutation: You are agile. (Dex +2) [potion of
                  | mutation]
  3205 | D:4      | Gained mutation: You expend magic power (3 MP) to
                  | strengthen your wands. [potion of mutation]
  3736 | D:5      | Entered Level 5 of the Dungeon
  3819 | D:5      | Noticed an ice beast
  3833 | D:5      | Killed an ice beast
  3834 | D:5      | Reached XP level 7. HP: 61/61 MP: 6/6
  3900 | D:5      | Reached skill level 1 in Stealth
  3951 | D:5      | Reached *** piety under Trog
  4034 | D:5      | Noticed Sigmund
  4053 | D:5      | Killed Sigmund
  4054 | D:5      | Reached skill level 6 in Axes
  4054 | D:5      | Reached skill level 5 in Slings
  4234 | D:5      | Found a staircase to the Ecumenical Temple.
  4518 | D:5      | Found an ornate altar of the Wu Jian Council.
  4711 | D:5      | Reached skill level 5 in Armour
  4817 | D:6      | Reached XP level 8. HP: 70/70 MP: 7/7
  5508 | D:6      | Noticed Grinder
  5514 | D:6      | Killed Grinder
  5515 | D:6      | Reached skill level 7 in Axes
  5570 | D:6      | Slain by a hornet zombie

Illustrated notes

Levels and vault maps discovered:
D:1:      saegor_arrival_simple_d, layout_loops_corners, basic_ecumenical_altar
D:2:      layout_basic
D:3:      layout_loops_ring
D:4:      layout_basic
D:5:      black_bear_nest_2, layout_gridville, nzn_wu_jian_contemplation,
          minmay_temple_entry_slanted, uniq_sigmund
D:6:      layout_basic, uniq_grinder

Skill      XL: |  1  2  3  4  5  6  7  8 |
---------------+-------------------------+-----
Fighting       | 4 5 6 |  6.6
Axes           | 4 5 6 7 |  7.2
Armour         | 3 4 5 |  5.8
Slings         | 1 3 4 5 |  5.4
Shields        | 1 2 3 |  3.2
Stealth        | 1 |  1.1
Dodging        | 3 |  3.0

Action                   |  1- 3 |  4- 6 |  7- 9 || total
-------------------------+-------+-------+-------++-------
Melee: Hand axe          |    66 |    86 |   102 ||   254
       Headbutt          |    14 |    19 |    23 ||    56
       Punch             |     2 |       |       ||     2
 Fire: Hunting sling     |     9 |    80 |    20 ||   109
Invok: Berserk           |       |     2 |     3 ||     5
  Use: Scroll            |       |     5 |     4 ||     9
       Potion            |       |     2 |     1 ||     3
Armor: Animal skin       |     4 |       |       ||     4
       Ring mail         |    28 |       |       ||    28
       Chain mail        |       |    57 |    47 ||   104
Dodge: Dodged            |    40 |    27 |    27 ||    94
Block: Kite shield       |     8 |    31 |    39 ||    78
